 Dungeon Crawl Stone Soup version 0.20.0-4-g10b340a (webtiles) character file.

2660 grisnicke the Grappler (level 9, -1/74 HPs)
             Began as a Ghoul Monk on May 27, 2017.
             Was an Elder of Hepliaklqana.
             Slain by a two-headed ogre
             ... wielding a +0 giant club
              (26 damage)
             ... on level 8 of the Dungeon.
             The game lasted 00:27:46 (6044 turns).

grisnicke the Grappler (Ghoul Monk)                 Turns: 6044, Time: 00:27:46

Health: -1/74      AC:  7    Str: 16    XL:     9   Next: 63%
Magic:  10/10      EV: 12    Int:  5    God:    Hepliaklqana [****..]
Gold:   524        SH:  0    Dex: 17    Spells: 8/8 levels left

rFire    . . .     SeeInvis +     - Unarmed
rCold    + . .     Gourm    .   (no shield)
rNeg     + + +     Faith    .   k - +0 ring mail
rPois    ∞         Spirit   .   (no helmet)
rElec    .         Reflect  .   E - scarf {cloud immunity}
rCorr    .         Harm     .   (no gloves)
MR       .....                  J - +1 pair of boots
Stlth    ++........             (no amulet)
Regen    0.0/turn               i - +4 ring of dexterity
MPRegen  0.2/turn               D - ring of see invisible {sInv, !d}

@: rotting
A: rotting body, reduced essence, claws 1, carnivore 3, cold resistance 1,
negative energy resistance 3, inhibited regeneration, torment resistance,
unbreathing
a: Recall Ancestor, Ancestor Identity, Transference, Idealise, Renounce Religion


You were on level 8 of the Dungeon.
You worshipped Hepliaklqana.
Hepliaklqana was greatly pleased with you.
You were not hungry.

You visited 1 branch of the dungeon, and saw 8 of its levels.

You collected 524 gold pieces.

Inventory:

Hand Weapons
 b - a +1 blowgun
   (You took it off a kobold on level 7 of the Dungeon)
Missiles
 c - 224 stones (quivered)
 q - 53 sling bullets
 z - 15 poisoned needles
 F - a throwing net {=f, !d}
Armour
 a - a +0 robe
 f - a +0 leather armour
   (You found it on level 1 of the Dungeon)
 k - a +0 ring mail (worn)
   (You found it on level 2 of the Dungeon)
 E - a scarf of cloud immunity (worn)
   (You found it on level 5 of the Dungeon)
 J - a +1 pair of boots (worn)
   (You found it on level 5 of the Dungeon)
Jewellery
 i - a +4 ring of dexterity (left claw)
   (You found it on level 1 of the Dungeon)
 j - an uncursed ring of resist corrosion
   (You found it on level 2 of the Dungeon)
 o - an uncursed ring of fire {rF+, rC-}
   (You found it on level 2 of the Dungeon)
 x - an uncursed ring of magical power {MP+9}
   (You found it on level 7 of the Dungeon)
 D - a ring of see invisible (right claw) {sInv, !d}
   (You found it on level 5 of the Dungeon)
Wands
 N - a wand of disintegration (24/24)
   (You found it on level 7 of the Dungeon)
Scrolls
 e - 4 scrolls of remove curse
 l - 2 scrolls of enchant weapon
 A - 2 scrolls of recharging
 C - a scroll of amnesia
 G - a scroll of teleportation
 O - 2 scrolls of identify
Potions
 d - a potion of degeneration {unknown}
 h - 2 potions of agility {unknown}
 m - a potion of ambrosia {unknown}
 p - 4 potions of heal wounds
 r - 2 potions of resistance
 s - a potion of haste
 t - a potion of brilliance {unknown}
 v - a potion of curing {unknown}
 w - 2 potions of mutation {unknown}
 H - a potion of lignification {unknown}
 I - a potion of flight
 M - 3 potions of cancellation {unknown}
Comestibles
 n - 3 royal jellies
 y - 4 meat rations {@e2}
 L - 3 chunks of flesh {@w0}


   Skills:
 - Level 9.0 Fighting
 - Level 3.5 Armour
 - Level 2.6 Dodging
 - Level 2.1 Stealth
 - Level 10.0 Unarmed Combat
 + Level 3.7 Invocations


You had 8 spell levels left.
You didn't know any spells.

Dungeon Overview and Level Annotations

Branches:
Dungeon (8/15)             Temple (0/1) D:7            Lair (0/6) D:8

Altars:
Ashenzari
Dithmenos
Hepliaklqana
Makhleb
Nemelex Xobeh
Trog
Uskayaw
Vehumet
Yredelemnul


Innate Abilities, Weirdness & Mutations

Your body is rotting away.
You thrive on raw meat.
You are immune to poison.
You have sharp fingernails.
You are carnivorous and can eat meat at any time.
Your flesh is cold resistant. (rC+)
You are immune to negative energy. (rN+++)
You do not regenerate when monsters are visible.
You are immune to unholy pain and torment.
You can survive without breathing.
Your life essence is reduced. (-10% HP)


Message History

An ogre comes into view. It is wielding a giant club.
b - a +0 blowgun (weapon)
Aim: an ogre, wielding a giant club You shoot a poisoned needle.
The poisoned needle hits the ogre.
The ogre is poisoned.
Aim: an ogre, wielding a giant club (lightly wounded, poisoned)
You shoot a poisoned needle. The poisoned needle hits the ogre.
The ogre looks even sicker.
You are now empty-clawed.
Found a staircase to the Lair.
The ogre barely misses you.
You barely miss the ogre.
Grisalisa hits the ogre with a dagger of draining.
The ogre hits you with a giant club!
You take 15 damage, and have 59/74 hp.
MASSIVE DAMAGE!!
You scratch the ogre.
Grisalisa hits the ogre with a dagger of draining.
Grisalisa drains the ogre!
You catch the helpless ogre completely off-guard!
You claw the ogre!
Grisalisa casts a spell at the ogre.
The ogre resists with some effort.
The ogre barely misses Grisalisa.
You claw the ogre!
You kill the ogre!
Your Invocations skill increases to level 3!
p - 4 potions of heal wounds (gained 1)
You hear the slow hiss of a very distant avalanche of sand.
z - 14 poisoned needles (gained 1)
z - 15 poisoned needles (gained 1)
You swap places.
You found a teleport trap!
A howler monkey comes into view.
The howler monkey howls!
You closely miss the howler monkey.
The howler monkey hits you but does no damage.
You claw the howler monkey! The howler monkey closely misses you.
You barely miss the howler monkey.
Grisalisa hits the howler monkey with a dagger of draining.
The howler monkey hoots and howls with incredible vigour!
You hear a chilling moan.
You claw the howler monkey!
You kill the howler monkey!
You see here a howler monkey corpse.
You butcher the howler monkey corpse.
L - 3 chunks of flesh {@w0} (gained 1)
O - 2 scrolls of identify (gained 1)
Found a stone staircase leading down.
You hear the slow hiss of a very distant avalanche of sand.
You swap places.
As you read the scroll labeled EMUODOATOG, it crumbles to dust.
It is a scroll of amnesia.
You feel forgetful for a moment.
Health restored: 74
As you read the scroll labeled INTARO NOOCHI, it crumbles to dust.
You feel blessed for a moment.
It was a scroll of remove curse.
Unknown command.
As you read the scroll labeled UGRANT WIGA, it crumbles to dust.
It is a scroll of enchant armour.
Your +0 pair of boots glows green for a moment.
As you read the scroll labeled UHOLOE ETAMAB, it crumbles to dust.
It is a scroll of enchant weapon.
Your +0 blowgun glows red for a moment.
As you read the scroll labeled XYSOKU NECKYWA, it crumbles to dust.
It is a scroll of recharging.
Charge which item? (? for menu, Esc to quit)
Your wand of disintegration (?/24) glows for a moment.
As you read the scroll labeled GUSAKI ADOLIRGH, it crumbles to dust.
Your claws glow pale yellow for a moment.
It was a scroll of random uselessness.
As you read the scroll labeled NUVEDU RAQAK, it crumbles to dust.
You assume a fearsome visage.
Grisalisa is unaffected.
It was a scroll of fear.
As you read the scroll labeled FIFOAG ZOAGRO, it crumbles to dust.
The scroll dissolves into smoke.
It was a scroll of fog.
A two-headed ogre comes into view.
It is wielding a giant club and a giant spiked club.
You hear the slow hiss of a very distant avalanche of sand.
The two-headed ogre shouts in stereo!
The two-headed ogre barely misses you.
The two-headed ogre hits you with a giant spiked club.
You take 6 damage, and have 68/74 hp.
You mangle the two-headed ogre!!
Grisalisa hits the two-headed ogre but does no damage.
Grisalisa drains the two-headed ogre!
The two-headed ogre hits you with a giant club!
The two-headed ogre hits you with a giant spiked club!
You take 25 damage, and have 43/74 hp.
MASSIVE DAMAGE!!
You scratch the two-headed ogre but do no damage.
Grisalisa barely misses the two-headed ogre.
You closely miss the two-headed ogre.
The two-headed ogre hits you with a giant club!
The two-headed ogre hits you with a giant spiked club.
You take 18 damage, and have 25/74 hp.
MASSIVE DAMAGE!!
You scratch the two-headed ogre but do no damage.
Grisalisa hits the two-headed ogre but does no damage.
The two-headed ogre hits you with a giant club!!
You die...

#### # ...#...
####..#..# ##
#.RO#..# .# #.#@.#
.#############.##...#
................#####
.###...######.### .#
#...# #.# ..# ##
#...# ### ..# #...#
.[# #...# #.# #...# #
#.#


You could see the friendly Grisalisa the hexer and a two-headed ogre.

Vanquished Creatures
  Pikel (D:4)
  Menkaure (D:6)
  A water moccasin (D:8)
  2 sky beasts (D:7)
  A slave (D:4)
  An orc warrior (D:6)
  2 ice beasts (D:7)
  3 ogres
  A big kobold (D:7)
  3 bullfrogs
  A water moccasin skeleton (D:4)
  A howler monkey (D:8)
  2 crimson imps (D:7)
  A bullfrog skeleton (D:5)
  A bullfrog zombie (D:5)
  2 orc priests (D:6)
  3 hounds
  A centaur skeleton (D:6)
  4 worker ants
  9 orc wizards
  A hound skeleton (D:8)
  4 adders
  A shadow imp (D:6)
  3 oozes
  2 worms
  3 dart slugs
  5 leopard geckos
  31 orcs
  6 giant cockroaches
  11 goblins
  6 hobgoblins
  6 jackals
  4 quokkas
  A ball python (D:1)
  5 bats
  4 frilled lizards
  2 jackal skeletons
  9 kobolds
  8 rats
153 creatures vanquished.

Vanquished Creatures (collateral kills)
  A bullfrog (D:7)
  An orc wizard (D:4)
  A worker ant zombie (D:7)
  An adder (D:5)
  A worm (D:3)
  8 orcs
  4 goblins (D:7)
  2 jackals (D:4)
  A quokka (D:3)
20 creatures vanquished.

Vanquished Creatures (others)
  A slave (D:4)
1 creature vanquished.

Grand Total: 174 creatures vanquished

Notes
Turn   | Place    | Note
-------+----------+-------------------------------------------
     0 | D:1      | grisnicke the Ghoul Monk began the quest for the Orb.
     0 | D:1      | Reached XP level 1. HP: 19/19 MP: 0/0
    61 | D:1      | Reached XP level 2. HP: 23/26 MP: 1/1
    73 | D:1      | Reached skill level 4 in Unarmed Combat
   258 | D:1      | Reached XP level 3. HP: 27/31 MP: 2/2
   982 | D:2      | Reached skill level 5 in Unarmed Combat
  1020 | D:2      | Found a sparkling altar of Nemelex Xobeh.
  1102 | D:2      | Reached XP level 4. HP: 38/38 MP: 3/3
  1619 | D:3      | Found a shadowy altar of Dithmenos.
  1749 | D:3      | Found a hazy altar of Hepliaklqana.
  1777 | D:3      | Became a worshipper of Hepliaklqana the Forgotten
  1777 | D:3      | Reached * piety under Hepliaklqana
  1777 | D:3      | Reached ** piety under Hepliaklqana
  1778 | D:3      | Remembered your ancestor Grisalisa as a hexer
  2309 | D:4      | Reached skill level 6 in Unarmed Combat
  2309 | D:4      | Reached XP level 5. HP: 33/40 MP: 4/4
  2390 | D:4      | You fall through a shaft for 3 floors!
  2416 | D:7      | Noticed a big kobold
  2431 | D:7      | Killed a big kobold
  2431 | D:7      | Reached skill level 7 in Unarmed Combat
  2431 | D:7      | Reached XP level 6. HP: 40/46 MP: 2/5
  2469 | D:7      | Found a staircase to the Ecumenical Temple.
  2498 | D:7      | Reached skill level 4 in Fighting
  2584 | D:5      | Entered Level 5 of the Dungeon
  2819 | D:5      | Reached XP level 7. HP: 54/54 MP: 6/6
  3255 | D:4      | Reached skill level 5 in Fighting
  3263 | D:4      | Reached skill level 8 in Unarmed Combat
  3446 | D:4      | Reached *** piety under Hepliaklqana
  3448 | D:4      | Noticed Pikel
  3489 | D:4      | Killed Pikel
  3489 | D:4      | Reached skill level 6 in Fighting
  3489 | D:4      | Reached skill level 9 in Unarmed Combat
  3489 | D:4      | Reached XP level 8. HP: 45/63 MP: 7/7
  3564 | D:4      | Found a shattered altar of Ashenzari.
  3858 | D:5      | Reached skill level 7 in Fighting
  4317 | D:6      | Found a hide-covered altar of Uskayaw.
  4317 | D:6      | Found a bloodstained altar of Trog.
  4366 | D:6      | Reached skill level 10 in Unarmed Combat
  4547 | D:6      | Reached skill level 8 in Fighting
  4547 | D:6      | Reached skill level 1 in Armour
  4555 | D:6      | Noticed Menkaure
  4575 | D:6      | Reached XP level 9. HP: 72/72 MP: 8/8
  4585 | D:6      | Killed Menkaure
  4585 | D:6      | Reached skill level 2 in Armour
  5113 | D:7      | Reached skill level 3 in Armour
  5148 | D:7      | Found a basalt altar of Yredelemnul.
  5148 | D:7      | Found a burning altar of Makhleb.
  5298 | D:7      | Reached **** piety under Hepliaklqana
  5334 | D:7      | Reached skill level 9 in Fighting
  5751 | D:7      | Reached skill level 1 in Invocations
  5850 | D:8      | Reached skill level 2 in Invocations
  5873 | D:8      | Found a radiant altar of Vehumet.
  5927 | D:8      | Found a staircase to the Lair.
  5932 | D:8      | Reached skill level 3 in Invocations
  6038 | D:8      | Noticed a two-headed ogre
  6044 | D:8      | Slain by a two-headed ogre

Skill      XL: |  1  2  3  4  5  6  7  8  9 |
---------------+----------------------------+-----
Unarmed Combat | 4 5 6 7 9 10 | 10.0
Fighting       | 4 6 8 9 |  9.0
Armour         | 1 3 |  3.5
Invocations    | 3 |  3.7
Dodging        | |  2.6
Stealth        | |  2.1

Action                   |  1- 3 |  4- 6 |  7- 9 || total
-------------------------+-------+-------+-------++-------
Melee: Unarmed           |    81 |   123 |   242 ||   446
       Punch             |     1 |     4 |     8 ||    13
 Fire: Blowgun           |       |    11 |    24 ||    35
Throw: Stone             |     5 |     8 |       ||    13
Invok: Ancestor Life: He |       |     1 |       ||     1
       Ancestor Identity |       |     1 |       ||     1
       Recall Ancestor   |       |     1 |       ||     1
  Use: Potion            |     2 |       |       ||     2
       Scroll            |       |       |    13 ||    13
 Stab: Sleeping          |     4 |     1 |     3 ||     8
       Distracted        |       |     3 |     4 ||     7
       Confused          |       |       |     3 ||     3
  Eat: Chunk             |    10 |    15 |    24 ||    49
Armor: Robe              |     3 |       |       ||     3
       Ring mail         |     9 |    32 |    39 ||    80
       Leather armour    |     4 |       |       ||     4
Dodge: Dodged            |    50 |    49 |   101 ||   200

Vault maps used:
D:1:      erik_arrival_gehennom
D:2:      nemelex_xobeh_ov_fountains_minmay, first_bread
D:3:      lemuel_doored_altar, nicolae_overflow_crystal_walls, hex_tiny
D:4:      lemuel_round_altar, amethyst_killhole, uniq_pikel
D:5:      nrook_mini_backslash
D:6:      gammafunk_temple_overflow_pools, uniq_menkaure
D:7:      gammafunk_temple_overflow_wave, minmay_temple_entry_metal_lava,
          enter_bailey_3
D:8:      wad_river_or_something, marbit_many_paths, kiku_gazebo_pond_becter,
          lemuel_coloured_pillars_altar, lair_entry_dummy,
          nicolae_ossuary_entry_catacombs, minivault_27, the_bakery

Table legend:
 A = Turns spent in this place as a percentage of turns spent in the entire game.
 B = Non-inter-level travel turns spent in this place as a percentage of non-inter-level travel turns spent in the entire game.
 C = Inter-level travel turns spent in this place as a percentage of turns spent in this place.
 D = Turns resting spent in this place as a percentage of non-inter-level travel turns spent in this place.
 E = Turns spent auto-exploring this place as a percentage of non-inter-level travel turns spent in this place.
 F = Non-inter-level travel turns spent in this place divided by the number of levels of this place that you've seen.
                   A       B       C       D       E      F
               +-------+-------+-------+-------+-------+----------------------
         Total | 100.0 | 100.0 |   0.4 |   0.0 |   6.3 | 264.4
       Dungeon | 100.0 | 100.0 |   0.4 |   0.0 |   6.3 | 264.4
               +-------+-------+-------+-------+-------+----------------------

Table legend:
 A = Kills in this place as a percentage of kills in entire the game.
 B = Kills by you in this place as a percentage of kills by you in the entire game.
 C = Kills by friends in this place as a percentage of kills by friends in the entire game.
 D = Other kills in this place as a percentage of other kills in the entire game.
 E = Experience gained in this place as a percentage of experience gained in the entire game.
 F = Experience gained in this place divided by the number of levels of this place that you have seen.
                   A       B       C       D       E      F
               +-------+-------+-------+-------+-------+----------------------
         Total | 100.0 | 100.0 | 100.0 | 100.0 | 100.0 | 475.0
       Dungeon | 100.0 | 100.0 | 100.0 | 100.0 | 100.0 | 475.0
               +-------+-------+-------+-------+-------+----------------------
